 Dungeon Crawl Stone Soup version 0.27-a0-1196-g3e9cee4cb2 (webtiles) character file.

Game seed: 15792898520604190405

126 Hopman the Skirmisher (level 4, -8/41 HPs)
             Began as a Minotaur Fighter on May 27, 2021.
             Was a Priest of Lugonu.
             Killed by divine providence
             ... invoked by an orc priest
              (10 damage)
             ... on level 3 of the Dungeon on May 28, 2022.
             The game lasted 00:11:29 (2506 turns).

Hopman the Skirmisher (Minotaur Fighter)            Turns: 2506, Time: 00:11:32

Health: -8/41      AC:  8    Str: 22    XL:     4   Next: 84%
Magic:  3/4        EV:  7    Int:  5    God:    Lugonu [***...]
Gold:   159        SH:  9    Dex:  9    Spells: 3/3 levels left

rFire    . . .     SeeInvis .   a - +0 war axe
rCold    . . .     Faith    .   c - +0 kite shield
rNeg     . . .     Spirit   .   b - +0 scale mail
rPois    .         Reflect  .   (helmet restricted)
rElec    .         Harm     .   (no cloak)
rCorr    .         Rampage  .   k - +0 pair of gloves
Will     .....                  (no boots)
Stlth    ..........             (no amulet)
HPRegen  0.13/turn              (no ring)
MPRegen  0.09/turn              (no ring)

@: mighty
A: horns 2, retaliatory headbutt
a: Renounce Religion, Depart the Abyss, Bend Space, Banish


You were on level 3 of the Dungeon.
You worshipped Lugonu.
Lugonu was most pleased with you.
You visited 1 branch of the dungeon, and saw 3 of its levels.

You collected 159 gold pieces.

Inventory:

Hand Weapons
 a - a +0 war axe (weapon)
Armour
 b - a +0 scale mail (worn)
 c - a +0 kite shield (worn)
 k - a +0 pair of gloves (worn)
Wands
 l - a wand of flame (18)
Scrolls
 e - a scroll of blinking {unknown}
 f - a scroll of identify
 h - a scroll of vulnerability {unknown}
Potions
 g - a potion of resistance
 i - a potion of attraction {unknown}
 j - a potion of mutation {unknown}
 m - a potion of berserk rage {unknown}


   Skills:
 + Level 4.6 Fighting
 + Level 3.5 Axes
 + Level 4.5 Armour
 + Level 4.3 Shields
 + Level 1.3 Invocations


You had 3 spell levels left.
You didn't know any spells.
Your spell library was empty.

Dungeon Overview and Level Annotations

Branches:
Dungeon (3/15)

Altars:
Makhleb
Lugonu


Innate Abilities, Weirdness & Mutations

You have a pair of horns on your head.
You reflexively headbutt those who attack you in melee.


Message History

You block the orc priest's attack.
You closely miss the orc priest.
The orc priest is severely wounded.
You block the orc priest's attack.
The orc priest hits you but does no damage.
You block the orc priest's attack.
You slash the orc priest!
You kill the orc priest!
Lugonu accepts your kill.
You closely miss the orc priest. You block the orc priest's attack.
You completely miss the orc priest.
You headbutt the orc priest, but do no damage.
You block the orc priest's attack. The orc hits you with a +0 flail.
* * * LOW HITPOINT WARNING * * *
You feel very mighty all of a sudden. You block the orc priest's attack.
The orc hits you with a +0 flail.
* * * LOW HITPOINT WARNING * * *
You closely miss the orc. You barely miss the orc priest.
You block the orc priest's attack. The orc completely misses you.
You block the orc priest's attack.
You closely miss the orc. You hit the orc priest. You block the orc's attack.
The orc priest mumbles some strange prayers to Beogh against you.
Pain shoots through your body!
* * * LOW HITPOINT WARNING * * *
The orc hits you with a +0 flail.
* * * LOW HITPOINT WARNING * * *
You slash the orc!
You kill the orc!
Lugonu accepts your kill.
You can now banish your foes.
You barely miss the orc priest.
The orc priest looks encouraged for a moment.
You block the orc priest's attack.
Okay, then.
You barely miss the orc priest. You headbutt the orc priest.
The orc priest is moderately wounded.
The orc priest invokes the aid of Beogh against you.
Beogh smites you!
Bones file is buggy: /crawl-master/crawl-git/saves/bones/bones.store.D-3 Clearing bad bones file: /crawl-master/crawl-git/saves/bones/bones.store.D-3 You die...

.............##..#
.#.#.#######..#..#
.....#.....#.....#
....#.....#.##..#
.#.#.._..'.##..#
.###.#.....#.##..#
.....#.....#....)##
.....#######....o)#
.###.........##.@#)#
##.##.######..#o# #.
#.# #..#o# #. #..
...#.# # ### ##.##.#
#. .. ## .#


You could see an orc priest.

Vanquished Creatures
  An orc priest (D:3)
  3 gnolls (D:2)
  3 worms (D:2)
  3 orcs (D:3)
  7 endoplasms
  4 giant cockroaches
  5 goblins
  3 hobgoblins
  8 kobolds
  A quokka (D:1)
  5 ball pythons
  9 bats
  3 rats
55 creatures vanquished.

Vanquished Creatures (others)
  A plant (D:3)
1 creature vanquished.

Grand Total: 56 creatures vanquished

Notes
Turn   | Place    | Note
-------+----------+-------------------------------------------
     0 | D:1      | Hopman the Minotaur Fighter began the quest for the Orb.
     0 | D:1      | Reached XP level 1. HP: 19/19 MP: 0/0
   180 | D:1      | Reached XP level 2. HP: 21/27 MP: 1/1
  1030 | D:1      | Reached XP level 3. HP: 26/33 MP: 2/2
  1087 | D:1      | Found a faded altar of an unknown god.
  1251 | D:1      | Became a worshipper of Lugonu the Unformed
  1251 | D:1      | Reached * piety under Lugonu
  1251 | D:1      | Reached ** piety under Lugonu
  1551 | D:2      | Reached XP level 4. HP: 17/41 MP: 3/3
  1959 | D:2      | Reached skill level 1 in Invocations
  2452 | D:3      | Found a burning altar of Makhleb.
  2504 | D:3      | HP: 2/41 [orc/+0 flail (2)]
  2505 | D:3      | Reached *** piety under Lugonu
  2506 | D:3      | Killed from afar by an orc priest

Illustrated notes

Levels and vault maps discovered:
D:1:      amcnicky_arrival_underground_garden, layout_basic,
          hellmonk_ecumenical_altar_prayer_group, serial_glass, glass_columns_b,
          glass_columns_c, minmay_strange_pillars, minmay_strange_pillars,
          due_unseen_surprise, item_on_display_a, serial_bayou_crossing
D:2:      layout_loops_cross
D:3:      layout_basic, amcnicky_altar_gilded, serial_bayou_lagoon_b

Skill      XL: |  1  2  3  4 |
---------------+-------------+-----
Fighting       | 4 |  4.6
Armour         | 4 |  4.5
Shields        | 4 |  4.3
Axes           | 3 |  3.5
Invocations    | 1 |  1.3

Action                   |  1- 3 |  4- 6 || total
-------------------------+-------+-------++-------
Melee: War axe           |    75 |    47 ||   122
       Headbutt          |     3 |    11 ||    14
Invok: Bend Space        |       |     1 ||     1
  Use: Scroll            |     1 |       ||     1
       Potion            |       |     1 ||     1
Armor: Scale mail        |    43 |    17 ||    60
Dodge: Dodged            |    41 |    13 ||    54
Block: Kite shield       |    53 |    31 ||    84

Table legend: (Time is in decaauts)
 A = Elapsed time spent in this place.
 B = Non-inter-level travel time spent in this place.
 C = Inter-level travel time spent in this place.
 D = Time resting spent in this place.
 E = Time spent auto-exploring this place.
 F = Levels seen in this place.
 G = Mean time per level.
                   A        B        C        D        E       F      G
               +--------+--------+--------+--------+--------+-----+--------+
         Total |   2582 |   2466 |    116 |    401 |   1593 |   3 |  860.7 |
       Dungeon |   2582 |   2466 |    116 |    401 |   1593 |   3 |  860.7 |
               +--------+--------+--------+--------+--------+-----+--------+

Top non-repeatable levels by time:
     D:1: 1309 daAuts
     D:2: 1091 daAuts
     D:3: 181 daAuts
